 Dungeon Sprint DCSS version 0.28.0-1-gb440e238dd (webtiles) character file.

Game seed: 2612548315704120854

4234 boopmooplesden the Fencer (level 10, -3/160 HPs)
             Began as a Minotaur Berserker on Feb 26, 2022.
             Was a High Priest of Trog.
             Engulfed by a cloud of freezing vapour (4 damage)
             ... in the Dungeon (Sprint II: "The Violet Keep of Menkaure").
             The game lasted 00:03:27 (1609 turns).

boopmooplesden the Fencer (Minotaur Berserker)      Turns: 1609, Time: 00:03:27

Health: -3/160     AC: 17    Str: 24    XL:     10   Next: 9%
Magic:  9/9        EV: 13    Int:  2    God:    Trog [*****.]
Gold:   287        SH:  0    Dex: 10    Spells: 9/9 levels left

rFire   + . .      SeeInvis .   l - +3 great sword
rCold   + . .      Faith    .   (shield currently unavailable)
rNeg    . . .      Spirit   .   k - +6 scale mail "Liur" {Harm Int-4 Stlth+}
rPois   +          Reflect  .   (helmet restricted)
rElec   +          Harm     +   (no cloak)
rCorr   +          Rampage  .   (no gloves)
Will    .....      NoTele   +   j - +1 pair of boots
Stlth   ..........              (no amulet)
HPRegen 0.36/turn               (no ring)
MPRegen 0.11/turn               (no ring)

@: berserking, resistant, very quick
A: horns 2, retaliatory headbutt
a: Renounce Religion, Berserk, Trog's Hand, Brothers in Arms


You were in the Dungeon.
You worshipped Trog.
Trog was extremely pleased with you.
You visited 1 branch You collected 1211 gold pieces.
You spent 924 gold pieces at shops.

Inventory:

Hand Weapons
 a - a +0 falchion
 i - a +2 lajatang of venom
 l - a +3 great sword (weapon)
Armour
 b - a +0 animal skin
 j - a +1 pair of boots (worn)
 k - the +6 scale mail "Liur" (worn) {Harm Int-4 Stlth+}
   (You bought it in a shop in the Dungeon)

   Int:       It affects your intelligence (-4).
   Harm:      It increases damage dealt and taken.
   Stlth:     It makes you more stealthy.
Scrolls
 h - a scroll of blinking
 n - 4 scrolls of holy word {unknown}
 o - 5 scrolls of identify {unknown}
 p - a scroll of immolation {unknown}
 q - a scroll of magic mapping {unknown}
 r - 2 scrolls of amnesia {unknown}
 t - a scroll of fog {unknown}
 v - a scroll of enchant armour {unknown}
Potions
 c - 4 potions of curing
 d - 2 potions of heal wounds
 e - 4 potions of haste
 f - 5 potions of magic
 g - a potion of berserk rage
 m - 2 potions of attraction {unknown}
 s - 2 potions of resistance
 u - a potion of invisibility {unknown}
 w - 3 potions of flight {unknown}


   Skills:
 + Level 16.1 Fighting
 + Level 16.9 Long Blades
 + Level 8.1 Staves
 + Level 9.9 Armour
 + Level 9.9 Dodging
 + Level 2.4 Stealth


You had 9 spell levels left.
You didn't know any spells.
Your spell library was empty.

Dungeon Overview and Level Annotations

Branches:
Dungeon (1/1)

Altars:
Cheibriados
Dithmenos
Elyvilon
Fedhas
Gozag
Hepliaklqana
Kikubaaqudgha
Makhleb
Nemelex Xobeh
Okawaru
Qazlal
Ru
Sif Muna
Trog
Uskayaw
Vehumet
Wu Jian
Xom
Yredelemnul
Zin
The Shining One
Beogh
Jiyva
Lugonu

Shops:
D [!:([!==:((!(?:

Annotations:
D exclusion: oklob plant


Innate Abilities, Weirdness & Mutations

You have a pair of horns on your head.
You reflexively headbutt those who attack you in melee.


Message History

You feel yourself moving faster!
You feel mighty!
You are engulfed in freezing vapours.
You resist.
* * * LOW HITPOINT WARNING * * *
The ice beast hits you but does no damage.
The ice statue gestures at you. The bolt of cold hits you! You resist.
* * * LOW HITPOINT WARNING * * *
The ice beast misses you.
The ice beast hits you but does no damage.
You feel a strong urge to attack something.
The ice beast hits you but does no damage.
You slash the ice statue! You headbutt the ice statue!!
The ice statue is heavily damaged.
You are engulfed in freezing vapours.
You resist.
* * * LOW HITPOINT WARNING * * *
The ice beast hits you.
* * * LOW HITPOINT WARNING * * *
The ice beast freezes you. You resist.
* * * LOW HITPOINT WARNING * * *
The ice beast hits you but does no damage.
The ice statue gestures at you. The bolt of cold hits you! You resist.
* * * LOW HITPOINT WARNING * * *
You slice the ice statue!!
You destroy the ice statue!
Trog accepts your kill.
The ice beast disappears in a puff of smoke! x3
You are engulfed in freezing vapours.
You resist.
* * * LOW HITPOINT WARNING * * *
Your Staves skill increases to level 8!
You are too berserk!
Unknown command.
You are engulfed in freezing vapours.
You resist.
* * * LOW HITPOINT WARNING * * *
Really walk into that cloud of freezing vapour?
Uppercase [Y]es or [N]o only, please.
Really walk into that cloud of freezing vapour?
You feel a strong urge to attack something.
You are engulfed in freezing vapours.
You resist.
You die...

#
≈≈≈≈≈≈≈≈≈§≈≈§≈≈≈≈#_._._._.#≈≈≈≈
+++#+++#§§§§≈≈≈≈≈#._._._..#≈§≈§
§≈ ##§§≈###§§#_._._...#§§≈≈ §§
##§§ #≈≈#._._....#§§≈≈ 8°§
+≈≈#+#≈≈#.._.....#≈≈§≈ ≈§§
##≈≈§≈≈≈≈##########§§≈≈
###########≈≈≈≈≈≈≈≈≈§≈≈≈
##..°°°°°###≈########§▓▓▓
#.°○○°°.@°##≈# #▓▓
+..○°○○§.°°.'≈# ##○○°°°.○°○####
##○○°°°..## ######### +33 ###


You could see 2 sixfirhies.

Vanquished Creatures
  A kraken (D)
  A merfolk siren (D)
  An ice statue (D)
  A yaktaur (D)
  3 polar bears (D)
  A hornet (D)
  2 wyverns (D)
  Menkaure (D)
  5 water moccasins (D)
  4 necrophages (D)
  4 scorpions (D)
  A hell rat (D)
  2 tentacles (D)
27 creatures vanquished.

Vanquished Creatures (others)
  22 tentacles (D)
22 creatures vanquished.

Grand Total: 49 creatures vanquished

Notes
Turn   | Place    | Note
-------+----------+-------------------------------------------
     0 | D        | boopmooplesden the Minotaur Berserker began the quest for
                  | the Orb.
     0 | D        | Reached XP level 1. HP: 19/19 MP: 0/0
     1 | D        | Noticed a necrophage
     1 | D        | Noticed a necrophage
     1 | D        | Noticed a necrophage
     1 | D        | Noticed a necrophage
     4 | D        | Killed a necrophage
     5 | D        | Reached XP level 2. HP: 34/34 MP: 1/1
     5 | D        | Reached XP level 3. HP: 39/39 MP: 2/2
     5 | D        | Reached XP level 4. HP: 47/47 MP: 3/3
     7 | D        | Killed a necrophage
     8 | D        | Reached XP level 5. HP: 56/56 MP: 4/4
    10 | D        | Killed a necrophage
    10 | D        | Reached ** piety under Trog
    11 | D        | Reached skill level 10 in Long Blades
    11 | D        | Reached skill level 5 in Armour
    13 | D        | Killed a necrophage
    14 | D        | Reached skill level 10 in Fighting
    14 | D        | Reached skill level 5 in Dodging
    14 | D        | Reached XP level 6. HP: 67/67 MP: 5/5
    25 | D        | Noticed a merfolk siren
    41 | D        | Killed a merfolk siren
    42 | D        | Reached XP level 7. HP: 77/77 MP: 6/6
    51 | D        | Noticed a wyvern
    51 | D        | Noticed a wyvern
    52 | D        | Noticed Menkaure
    58 | D        | Killed a wyvern
    58 | D        | Reached *** piety under Trog
    60 | D        | Killed a wyvern
    63 | D        | Killed Menkaure
    64 | D        | Reached XP level 8. HP: 48/86 MP: 7/7
    67 | D        | Noticed an obsidian statue
    75 | D        | Reached **** piety under Trog
   351 | D        | Found Wulis's Weapon Shop.
   351 | D        | Found Eciafecs's Antique Weapon Shop.
   351 | D        | Found Sacwu's Book Boutique.
   351 | D        | Found Woumporph's Book Shop.
   351 | D        | Found Nedgh's Antique Weapon Boutique.
   351 | D        | Found Xycena's Distillery.
   352 | D        | Found Kuneitai's Jewellery Boutique.
   352 | D        | Found Teiceqo's Jewellery Shop.
   352 | D        | Found Qyca's Magic Scroll Boutique.
   353 | D        | Found Giqov's Distillery.
   378 | D        | Found Kiqawky's Antique Armour Boutique.
   378 | D        | Found Niqa's Antique Weapon Shop.
   378 | D        | Noticed an oklob plant
   378 | D        | Noticed a manticore
   379 | D        | Found Wuydyrph's Distillery.
   379 | D        | Found Motiaf's Antique Armour Boutique.
   379 | D        | Found Nais's Book Shoppe.
   379 | D        | Noticed a manticore
   379 | D        | Noticed a manticore
   391 | D        | Reached ***** piety under Trog
   399 | D        | Noticed a slime creature
   403 | D        | Bought a runed lajatang for 540 gold pieces
   405 | D        | Bought a pair of glowing boots for 150 gold pieces
   413 | D        | Bought a faintly humming scale mail for 234 gold pieces
   413 | D        | Identified the +6 scale mail "Liur" {Harm Int-4 Stlth+}
                  | (You bought it in a shop in the Dungeon)
   423 | D        | Lost intelligence.
   427 | D        | Noticed a slime creature
   579 | D        | Found a glowing golden altar of the Shining One.
   579 | D        | Found an ornate altar of the Wu Jian Council.
   580 | D        | Found a shimmering altar of Xom.
   580 | D        | Found a sacrificial altar of Ru.
   580 | D        | Found a stormy altar of Qazlal.
   581 | D        | Found a basalt altar of Yredelemnul.
   581 | D        | Found a shimmering blue altar of Sif Muna.
   581 | D        | Found a viscous altar of Jiyva.
   581 | D        | Found a hazy altar of Hepliaklqana.
   582 | D        | Found a glowing silver altar of Zin.
   582 | D        | Found a bloodstained altar of Trog.
   582 | D        | Found an ancient bone altar of Kikubaaqudgha.
   582 | D        | Found a snail-covered altar of Cheibriados.
   583 | D        | Found a hide-covered altar of Uskayaw.
   583 | D        | Found a corrupted altar of Lugonu.
   583 | D        | Found a shadowy altar of Dithmenos.
   584 | D        | Found a radiant altar of Vehumet.
   584 | D        | Found a burning altar of Makhleb.
   584 | D        | Found a white marble altar of Elyvilon.
   585 | D        | Found a sparkling altar of Nemelex Xobeh.
   585 | D        | Found a blossoming altar of Fedhas.
   586 | D        | Found an iron altar of Okawaru.
   586 | D        | Found an opulent altar of Gozag.
   586 | D        | Noticed a polar bear
   595 | D        | Killed a polar bear
   595 | D        | Noticed a hornet
   595 | D        | Noticed a polar bear
   596 | D        | Reached skill level 15 in Long Blades
   596 | D        | Reached skill level 1 in Staves
   596 | D        | Noticed a yaktaur
   597 | D        | Paralysed by a hornet for 1 turns
   598 | D        | Noticed a polar bear
   599 | D        | Killed a hornet
   600 | D        | Reached skill level 1 in Stealth
   603 | D        | Killed a polar bear
   604 | D        | Reached skill level 15 in Fighting
   604 | D        | Reached XP level 9. HP: 49/97 MP: 8/8
   605 | D        | Killed a polar bear
   605 | D        | Received a gift from Trog
   608 | D        | Killed a yaktaur
   964 | D        | Noticed a kraken
   980 | D        | Reached skill level 5 in Staves
  1312 | D        | Killed a kraken
  1313 | D        | Reached XP level 10. HP: 35/107 MP: 9/9
  1587 | D        | Noticed an ice statue
  1592 | D        | Noticed a sixfirhy
  1595 | D        | Noticed a sixfirhy
  1607 | D        | Killed an ice statue
  1607 | D        | HP: 8/160 [something (6)]
  1608 | D        | HP: 1/160 [something (7)]
  1609 | D        | Engulfed by a cloud of freezing vapour

Illustrated notes

Levels and vault maps discovered:
D:        the_violet_keep_of_menkaure [sprint2_stairs_cluster_1,
          sprint2_shoproom, sprint2_temple, sprint2_basic_supplies,
          sprint2_obstacle_3, sprint2_obstacle_2, sprint2_obstacle_6,
          sprint2_obstacle_5, sprint2_obstacle_1, sprint2_timed_cluster_1,
          sprint2_smallroom_cluster_1, sprint2_smallroom_final_cluster_1,
          sprint2_transparent_cluster_1, sprint2_second_timed_cluster_1,
          sprint2_sniper_area_1, sprint2_heavy_combat_area_1,
          sprint2_mutation_trap_area_1, sprint2_forest_area_1,
          sprint2_light_combat_area_1, sprint2_behind_water_1,
          sprint2_near_end_vault_1]

Skill      XL: |  1  2  3  4  5  6  7  8  9 10 |
---------------+-------------------------------+-----
Fighting       | 7 8 10 12 13 15 16 | 16.1
Long Blades    | 7 9 10 12 13 15 16 | 16.9
Armour         | 4 5 6 7 8 9 |  9.9
Dodging        | 3 4 5 6 7 9 |  9.9
Staves         | 2 7 8 |  8.1
Stealth        | 1 2 |  2.4

Action                   |  1- 3 |  4- 6 |  7- 9 | 10-12 || total
-------------------------+-------+-------+-------+-------++-------
Melee: Falchion          |     2 |    24 |    37 |       ||    63
       Headbutt          |     1 |     4 |    15 |     2 ||    22
       Lajatang          |       |       |    25 |       ||    25
       Great sword       |       |       |    31 |     9 ||    40
Invok: Berserk           |     1 |       |     4 |     1 ||     6
  Use: Potion            |       |       |       |     1 ||     1
Armor: Scale mail        |       |       |    56 |    12 ||    68
       Animal skin       |       |       |     2 |       ||     2
Dodge: Dodged            |       |     5 |    82 |     6 ||    93
